 Dungeon Crawl Stone Soup version 0.29.0-4-gdea44cf6ec (webtiles) character file.

Game seed: 10970441927436376080

1473 qw the Chopper (level 8, -2/46 HPs)
             Began as a Tengu Warper on Aug 28, 2022.
             Killed from afar by an orc wizard (6 damage)
             ... with a magic dart
             ... on level 6 of the Dungeon.
             The game lasted 00:00:29 (5558 turns).

qw the Chopper (Tengu Warper)                       Turns: 5558, Time: 00:00:30

Health: -2/46      AC: 24    Str: 13    XL:     8   Next: 78%
Magic:  12/12      EV:  1    Int: 15    God:
Gold:   144        SH: 14    Dex: 13    Spells: 11/11 levels left

rFire   x x .      SeeInvis .   Y - +0 war axe
rCold   x x .      Faith    .   o - +0 tower shield
rNeg    . . .      Spirit   .   g - +0 plate armour
rPois   +          Reflect  .   (helmet restricted)
rElec   .          Harm     .   k - +0 cloak
rCorr   .          Rampage  .   (no gloves)
Will    .....                   (boots unavailable)
Stlth   ..........              i - amulet of Elemental Vulnerability {rPois rF-- rC-- AC+8}
HPRegen 0.15/turn               e - +4 ring of slaying {mikee}
MPRegen 0.13/turn               p - +4 ring of protection

@: flying quickly and evasively, quick
A: beak, talons 3, nimble flight
a: no special abilities


You were on level 6 of the Dungeon.
You visited 1 branch of the dungeon, and saw 6 of its levels.

You collected 216 gold pieces.
You spent 72 gold pieces at shops.


Innate Abilities, Weirdness & Mutations

You have a beak for a mouth.
You have claws for feet.
Your magical nature lets you fly swiftly and evasively.


   Skills:
 - Level 3.1 Fighting
 - Level 7.4 Axes
 - Level 1.0 Throwing
 - Level 3.5 Armour
 - Level 2.1 Dodging
 + Level 7.2 Shields
 - Level 2.0 Spellcasting
 - Level 2.4 Translocations


You had 11 spell levels left.
You didn't know any spells.
Your spell library contained the following spells:

 Spells                   Type           Power      Damage    Failure   Level
 Blink                    Tloc           16%        N/A       100%        2
 Gell's Gravitas          Tloc           8%         N/A       100%        3
 Lesser Beckoning         Tloc           8%         N/A       100%        3
 Teleport Other           Tloc           8%         N/A       100%        3
 Manifold Assault         Tloc           8%         N/A       100%        5

Inventory:

Hand Weapons
 j - a +0 morningstar
 Y - a +0 war axe (weapon)
Armour
 g - a +0 plate armour (worn)
 k - a +0 cloak (worn)
 o - a +0 tower shield (worn)
Jewellery
 e - a +4 ring of slaying (left hand) {mikee}
 h - a ring of protection from fire
 i - the amulet of Elemental Vulnerability (around neck) {rPois rF-- rC-- AC+8}
   (You found it on level 4 of the Dungeon)

   [amulet of nothing]

   AC:        It affects your AC (+8).
   rF:        It makes you very vulnerable to fire.
   rC:        It makes you very vulnerable to cold.
   rPois:     It protects you from poison.
 p - a +4 ring of protection (right hand)
Scrolls
 d - a scroll of identify
Potions
 b - a potion of haste
 c - a potion of degeneration {unknown}
 f - a potion of curing
 l - a potion of ambrosia {unknown}

Dungeon Overview and Level Annotations

Branches:
Dungeon (6/15)
 Temple: D:4-7

Altars:
Ashenzari
Sif Muna
Uskayaw
Yredelemnul

Shops:
D:4 *


Message History

You slash Prince Ribbit! Your peck misses Prince Ribbit.
Prince Ribbit is severely wounded.
You barely miss Blork the orc. You block Prince Ribbit's attack.
You block Blork the orc's attack. Prince Ribbit hits you.
Blork the orc hits you but does no damage.
You slash Prince Ribbit! You claw Prince Ribbit.
You kill Prince Ribbit!
Prince Ribbit returns to his original shape as he dies.
You hit Blork the orc. You block Blork the orc's attack.
Your Shields skill increases to level 7!
You hit Blork the orc. Your peck misses Blork the orc.
Blork the orc is moderately wounded.
You hit the orc.
Blork the orc mumbles some strange words.
Blork the orc seems to speed up.
You block the orc's attack.
The orc wizard mumbles some strange words.
The orc wizard flickers and vanishes!
Deactivating autopickup; reactivate with Ctrl-A.
You block the orc's attack.
Blork the orc hits you but does no damage.
You hit the orc. You peck the orc.
You kill the orc!
You hit Blork the orc.
Blork the orc hits you with a +0 scimitar!
Blork the orc hits you but does no damage.
You hit Blork the orc. You claw Blork the orc! You peck Blork the orc.
Blork the orc is severely wounded.
You barely miss something. You block Blork the orc's attack.
Something hits you. You block Blork the orc's attack.
You slash Blork the orc!
You kill Blork the orc!
You hit something. You block something's attack.
You hear some strange, mumbled words.
A magic dart appears from out of thin air!
The magic dart hits you.
You die...

..##..................#
...#............#.....#
...............##.....#
......................#
.....................#
...............<.....#
.........#.............
.......)..{##......###.
.......%##)@#.##.##..
.....g.######## ## ###
....... ......g .......
....... ......F


There were no monsters in sight!

Vanquished Creatures
  Prince Ribbit (D:6)
  Sigmund (D:3)
  An ice beast (D:6)
  An ogre (D:5)
  A phantom (D:5)
  Blork the orc (D:6)
  5 scorpions
  A howler monkey (D:4)
  A gnoll bouda (D:6)
  3 orc priests
  Jessica (D:3)
  2 iguanas (D:5)
  4 orc wizards
  Robin (D:4)
  4 gnolls (D:6)
  7 adders
  A white imp (D:5)
  4 worms
  5 dart slugs
  17 orcs
  7 endoplasms
  11 goblins (D:4)
  5 hobgoblins
  4 jackals (D:2)
  8 kobolds
  2 quokkas
  7 ball pythons
  2 bats (D:1)
  A frilled lizard (D:3)
  3 rats
112 creatures vanquished.

Notes
Turn   | Place    | Note
-------+----------+-------------------------------------------
     0 | D:1      | qw the Tengu Warper began the quest for the Orb.
     0 | D:1      | Reached XP level 1. HP: 12/12 MP: 4/4
     0 | D:1      | 0 ||| qw: Version: 0.1-a-89-g26bdef1
     0 | D:1      | 0 ||| qw: Game counter: 834
     0 | D:1      | 0 ||| qw: Always use a shield: true
     0 | D:1      | 0 ||| qw: God list: Okawaru
     0 | D:1      | 0 ||| qw: Allow faded altars: false
     0 | D:1      | 0 ||| qw: Do Orc after D:15 true
     0 | D:1      | 0 ||| qw: Do second Lair branch before Depths: true
     0 | D:1      | 0 ||| qw: Lair rune preference: random
     0 | D:1      | 0 ||| qw: Plans: Normal
     0 | D:1      | 0 ||| PLANNING D:1-11
    53 | D:1      | Found a faded altar of an unknown god.
   233 | D:1      | Reached XP level 2. HP: 11/17 MP: 6/6
   383 | D:1      | Reached skill level 3 in Axes
   584 | D:1      | 584 ||| Stepping ~*~*~tactically~*~*~ (hiding).
   686 | D:1      | 686 ||| Stepping ~*~*~tactically~*~*~ (hiding).
  1090 | D:1      | 1090 ||| UPGRADING to +0 plate armour.
  1100 | D:1      | 1100 ||| DROPPING +0 leather armour.
  1101 | D:1      | 1101 ||| READING scroll labelled KUIMPE UHOEQAUZU.
  1102 | D:1      | 1102 ||| READING scroll labelled XURUMUSEP.
  1103 | D:1      | 1103 ||| DRINKING 2 green potions.
  1104 | D:1      | 1104 ||| DRINKING 2 metallic ruby potions.
  1208 | D:1      | 1208 ||| DROPPING scroll of blinking.
  1209 | D:1      | 1209 ||| DROPPING potion of brilliance.
  1210 | D:1      | 1210 ||| DROPPING potion of berserk rage.
  1378 | D:2      | Reached XP level 3. HP: 8/21 MP: 7/7
  1860 | D:2      | Found a hide-covered altar of Uskayaw.
  2253 | D:2      | 2253 ||| Stepping ~*~*~tactically~*~*~ (stealth).
  2352 | D:2      | 2352 ||| UPGRADING to +4 ring of slaying {mikee}.
  2353 | D:2      | 2353 ||| UPGRADING to ring of protection from fire.
  2354 | D:2      | 2354 ||| READING scroll labelled NIL NUSSOOWN.
  2355 | D:2      | 2355 ||| READING 2 scrolls labelled CEFFAGGAKOR.
  2356 | D:2      | 2356 ||| READING scroll labelled JULAMO DEYK.
  2357 | D:2      | 2357 ||| DROPPING scroll of poison.
  2358 | D:2      | 2358 ||| Stepping randomly (stuck).
  2359 | D:2      | 2359 ||| Stepping ~*~*~tactically~*~*~ (cloud).
  2612 | D:3      | 2612 ||| DROPPING +0 club.
  2623 | D:3      | 2623 ||| Stepping ~*~*~tactically~*~*~ (stealth).
  2640 | D:3      | Reached XP level 4. HP: 26/26 MP: 8/8
  2723 | D:3      | Noticed Jessica
  2732 | D:3      | Killed Jessica
  2892 | D:3      | Noticed Sigmund
  2893 | D:3      | 2893 ||| Stepping ~*~*~tactically~*~*~ (hiding).
  2894 | D:3      | 2894 ||| Stepping ~*~*~tactically~*~*~ (hiding).
  2905 | D:3      | Killed Sigmund
  2906 | D:3      | Reached skill level 6 in Axes
  2906 | D:3      | Gained mutation: Your magical nature lets you fly swiftly
                  | and evasively. [Tengu growth]
  2906 | D:3      | Reached XP level 5. HP: 15/30 MP: 9/9
  2906 | D:3      | Reached XP level 6. HP: 18/35 MP: 10/10
  3298 | D:3      | Found a shimmering blue altar of Sif Muna.
  3298 | D:3      | Found a broken altar of Ashenzari.
  3406 | D:3      | 3406 ||| READING scroll labelled XOZEFU JISME.
  3407 | D:3      | 3407 ||| DRINKING 2 fuming amethyst potions.
  3429 | D:3      | 3429 ||| DROPPING potion of lignification.
  3446 | D:4      | Found the amulet of Elemental Vulnerability {rPois rF--
                  | rC-- AC+8}
  3468 | D:4      | 3468 ||| Stepping ~*~*~tactically~*~*~ (stealth).
  3469 | D:4      | 3469 ||| Stepping ~*~*~tactically~*~*~ (stealth).
  3471 | D:4      | 3471 ||| Stepping ~*~*~tactically~*~*~ (stealth).
  3472 | D:4      | 3472 ||| Stepping ~*~*~tactically~*~*~ (stealth).
  3476 | D:4      | 3476 ||| Stepping ~*~*~tactically~*~*~ (hiding).
  3581 | D:4      | 3581 ||| DROPPING +0 whip.
  3670 | D:4      | Found a basalt altar of Yredelemnul.
  3670 | D:4      | Found Sing's Assorted Antiques.
  3678 | D:4      | 3678 ||| BUYING metallic pink potion (23 gold).
  3678 | D:4      | Bought a metallic pink potion for 23 gold pieces
  3678 | D:4      | 3678 ||| BUYING scroll labelled NOOMIGHEPUFY (26 gold).
  3678 | D:4      | Bought a scroll labelled NOOMIGHEPUFY for 26 gold pieces
  3678 | D:4      | 3678 ||| BUYING sedimented inky potion (23 gold).
  3678 | D:4      | Bought a sedimented inky potion for 23 gold pieces
  3696 | D:4      | 3696 ||| Stepping ~*~*~tactically~*~*~ (hiding).
  3707 | D:4      | Noticed Robin
  3708 | D:4      | 3708 ||| Stepping ~*~*~tactically~*~*~ (hiding).
  3720 | D:4      | Killed Robin
  3956 | D:4      | Reached skill level 3 in Armour
  3974 | D:4      | 3974 ||| Stepping ~*~*~tactically~*~*~ (stealth).
  3976 | D:4      | 3976 ||| Stepping ~*~*~tactically~*~*~ (hiding).
  3977 | D:4      | 3977 ||| Stepping ~*~*~tactically~*~*~ (hiding).
  3986 | D:4      | 3986 ||| Stepping ~*~*~tactically~*~*~ (hiding).
  3998 | D:4      | Reached XP level 7. HP: 32/40 MP: 11/11
  4120 | D:4      | Reached skill level 3 in Fighting
  4529 | D:4      | 4529 ||| UPGRADING to +0 cloak.
  4534 | D:4      | 4534 ||| UPGRADING to +0 tower shield.
  4539 | D:4      | 4539 ||| UPGRADING to amulet of Elemental Vulnerability
                  | {rPois rF-- rC-- AC+8}.
  4544 | D:4      | 4544 ||| REMOVING ring of protection from fire.
  4545 | D:4      | 4545 ||| READING scroll labelled NOOMIGHEPUFY.
  4546 | D:4      | 4546 ||| DRINKING 2 sedimented inky potions.
  4547 | D:4      | 4547 ||| DRINKING 2 fuming ruby potions.
  4548 | D:4      | 4548 ||| READING 2 scrolls of identify.
  4548 | D:4      | 4548 ||| IDENTIFYING smoky white potion
  4549 | D:4      | 4549 ||| DROPPING potion of attraction.
  4561 | D:5      | Entered Level 5 of the Dungeon
  4601 | D:5      | Reached skill level 1 in Shields
  4755 | D:5      | 4755 ||| Stepping ~*~*~tactically~*~*~ (stealth).
  4928 | D:5      | Reached skill level 3 in Shields
  4961 | D:5      | 4961 ||| SWAPPING to +0 war axe.
  4962 | D:5      | 4962 ||| DROPPING +0 hand axe.
  4983 | D:5      | Reached XP level 8. HP: 46/46 MP: 12/12
  5462 | D:5      | 5462 ||| UPGRADING to +4 ring of protection.
  5463 | D:5      | 5463 ||| READING scroll labelled TIALLOYMUOG.
  5468 | D:5      | 5468 ||| DRINKING 2 golden potions.
  5492 | D:6      | 5492 ||| Stepping ~*~*~tactically~*~*~ (hiding).
  5494 | D:6      | 5494 ||| Stepping ~*~*~tactically~*~*~ (hiding).
  5497 | D:6      | 5497 ||| Stepping ~*~*~tactically~*~*~ (hiding).
  5516 | D:6      | 5516 ||| Stepping ~*~*~tactically~*~*~ (stealth).
  5525 | D:6      | Noticed Prince Ribbit
  5526 | D:6      | 5526 ||| Stepping ~*~*~tactically~*~*~ (hiding).
  5527 | D:6      | 5527 ||| Stepping ~*~*~tactically~*~*~ (hiding).
  5529 | D:6      | 5529 ||| Stepping ~*~*~tactically~*~*~ (hiding).
  5530 | D:6      | 5530 ||| Stepping ~*~*~tactically~*~*~ (hiding).
  5543 | D:6      | Noticed Blork the orc
  5550 | D:6      | HP: 3/46 [Blork the orc/magic dart (10)]
  5551 | D:6      | 5551 ||| DRINKING potion of heal wounds.
  5553 | D:6      | Reached skill level 6 in Shields
  5554 | D:6      | Killed Prince Ribbit
  5556 | D:6      | HP: 5/46 [Blork the orc/+0 scimitar (10)]
  5558 | D:6      | Killed Blork the orc
  5558 | D:6      | Killed from afar by an orc wizard

Levels and vault maps discovered:
D:1:      minmay_arrival_cross, layout_basic,
          ebering_ecumenical_altar_abandoned, minmay_bisected
D:2:      layout_loops_ring, basic_altar
D:3:      layout_basic, nicolae_overflow_two_pavilions, bh_walls_and_bars,
          uniq_jessica, uniq_sigmund
D:4:      nicolae_cairo_tiling_large_dashed, layout_basic,
          yredelemnul_altar_generic, serial_shops, nicolae_shop_hallway_stairs,
          uniq_robin
D:5:      layout_basic
D:6:      layout_cave_pools, minmay_temple_entry_sparse_star, serial_shops,
          shop, uniq_blork_the_orc, uniq_crazy_yiuf_cottage, uniq_prince_ribbit1

Skill      XL: |  1  2  3  4  5  6  7  8 |
---------------+-------------------------+-----
Axes           | 3 4 6 7 |  7.4
Armour         | 2 3 |  3.5
Fighting       | 3 |  3.1
Shields        | 3 7 |  7.2
Throwing       | |  1.0
Dodging        | |  2.1
Spellcasting   | |  2.0
Translocations | |  2.4

Action                   |  1- 3 |  4- 6 |  7- 9 || total
-------------------------+-------+-------+-------++-------
Melee: Hand axe          |    68 |    90 |    55 ||   213
       Kick              |    14 |    19 |    34 ||    67
       Peck              |     9 |    12 |    24 ||    45
       Punch             |     1 |     1 |       ||     2
       War axe           |       |       |    49 ||    49
Throw: Boomerang         |     7 |       |       ||     7
  Use: Scroll            |     5 |     1 |     3 ||     9
       Potion            |     2 |     1 |     4 ||     7
Armor: Leather armour    |     7 |       |       ||     7
       Plate armour      |    23 |    45 |    61 ||   129
Dodge: Dodged            |    15 |    18 |     5 ||    38
Block: Tower shield      |       |       |    57 ||    57

Table legend:
 A = Non-vault XP
 B = Vault XP
 C = Vault XP percentage of total XP
 D = Non-vault monster count
 E = Vault monster count
 F = Vault count percentage of total count
                 A         B        C        D         E       F
            +---------+---------+-------+---------+---------+-------
      Total |    1539 |     666 |  30.2 |      94 |      18 |  16.1
            +---------+---------+-------+---------+---------+-------
        D:1 |      13 |       7 |  35.0 |       9 |       3 |  25.0
        D:2 |      50 |       0 |   0.0 |      14 |       0 |   0.0
        D:3 |      59 |     251 |  81.0 |      17 |       2 |  10.5
        D:4 |     413 |      34 |   7.6 |      27 |      11 |  28.9
        D:5 |     643 |       0 |   0.0 |      18 |       0 |   0.0
        D:6 |     361 |     374 |  50.9 |       9 |       2 |  18.2
            +---------+---------+-------+---------+---------+-------
